 Dungeon Crawl Stone Soup version 0.29-a0-323-g050149af67 (webtiles) character file.

Game seed: 16719245510300312946

26432 Morbidden the Cleaver (level 12, -3/81 HPs)
             Began as a Demonspawn Fighter on Apr 10, 2022.
             Was a High Priest of Hepliaklqana.
             Hit by a silver javelin thrown by a minotaur (7 damage)
             ... in a Gauntlet.
             The game lasted 00:28:24 (13498 turns).

Morbidden the Cleaver (Demonspawn Fighter)         Turns: 13498, Time: 00:28:26

Health: -3/81      AC: 24    Str: 18    XL:     12   Next: 98%
Magic:  0/20       EV:  3    Int: 14    God:    Hepliaklqana [*****.]
Gold:   1054       SH: 15    Dex: 12    Spells: 17/22 levels left

rFire   + . .      SeeInvis +   a - +8 mithril axe "Arga" {speed, Will+}
rCold   . . .      Faith    .   z - +1 tower shield
rNeg    . . .      Spirit   +   p - +0 crystal plate armour
rPois   +          Reflect  .   c - +1 hat {SInv}
rElec   .          Harm     .   T - +1 cloak {rPois}
rCorr   .          Rampage  .   (no gloves)
Will    +....      NoTele   +   (no boots)
Stlth   ..........              B - amulet of guardian spirit
HPRegen 0.23/turn               i - ring of protection from fire
MPRegen 0.17/turn               o - +4 ring of protection

@: no status effects
A: reduced essence, hooves 2, icemail 2, sturdy frame 2, condensation shield,
demonic magic 1
a: Renounce Religion, Recall Ancestor, Ancestor Identity, Transference, Idealise


You were in a Gauntlet.
You worshipped Hepliaklqana.
Hepliaklqana was extremely pleased with you.
You visited 2 branches of the dungeon, and saw 13 of its levels.
You also visited: Bailey and Gauntlet.

You collected 1054 gold pieces.

Inventory:

Hand Weapons
 a - the +8 mithril axe "Arga" (weapon) {speed, Will+}
   (You found it in a Gauntlet)

   Attacks with this weapon are significantly faster.
   Will:      It increases your willpower.
 b - the +0 staff of Battle
   (You found it in a Gauntlet)

   It enhances your conjuration magic.
   It summons a battlesphere in combat, with strength depending on Conjurations
   skill.
   Its strikes trigger the battlesphere's blasts.
 s - a +1 war axe
 U - the +10 hand axe of the Valley of Death {freeze, rF- Int+8}
   (You found it on level 4 of the Dungeon)

   It freezes those it strikes, dealing additional cold damage.
   It can also slow down cold-blooded creatures.
   Int:       It affects your intelligence (+8).
   rF:        It makes you vulnerable to fire.
Missiles
 A - 28 poisoned darts
 F - 4 silver javelins (quivered)
 H - 4 javelins
Armour
 c - a +1 hat of see invisible (worn)
 p - a +0 crystal plate armour (worn)
 z - a +1 tower shield (worn)
 T - a +1 cloak of poison resistance (worn)
Jewellery
 f - a ring of see invisible
 i - a ring of protection from fire (left hand)
 o - a +4 ring of protection (right hand)
 w - an amulet of magic regeneration
 x - a ring of protection from cold
 y - an amulet of faith
 B - an amulet of guardian spirit (around neck)
 D - a ring of flight
 O - a +6 ring of intelligence
 S - a +4 ring of protection
Wands
 k - a wand of mindburst (2)
 n - a wand of digging (2)
 M - a wand of polymorph (3)
 R - a wand of flame (9)
Scrolls
 e - 4 scrolls of teleportation
 g - 8 scrolls of identify
 h - a scroll of fog
 m - a scroll of vulnerability
 r - 3 scrolls of enchant armour
 t - a scroll of blinking
 I - 2 scrolls of amnesia
 K - 12 scrolls of enchant weapon
 P - 2 scrolls of magic mapping
 Q - a scroll of brand weapon
Potions
 d - 4 potions of might
 j - a potion of resistance
 l - 2 potions of attraction {unknown}
 q - 3 potions of mutation
 u - 3 potions of brilliance
 v - a potion of heal wounds
 C - 2 potions of lignification {unknown}
 E - 4 potions of curing
 G - 2 potions of cancellation {unknown}
 J - 2 potions of invisibility
 L - 2 potions of haste
 N - 2 potions of flight {unknown}


   Skills:
 * Level 7.1 Fighting
 * Level 13.6 Axes
 * Level 0.2 Staves
 + Level 5.7 Armour
 * Level 6.0 Dodging
 + Level 2.7 Stealth
 * Level 7.9 Shields
 * Level 5.7 Spellcasting
 * Level 0.3 Conjurations
 * Level 4.1 Air Magic
 * Level 6.7 Invocations


You had 17 spell levels left.
You knew the following spells:

 Your Spells              Type           Power      Damage    Failure   Level
a - Shock                 Conj/Air       40%        1d5       100%        1
b - Airstrike             Air            7%         N/A       100%        4

Your spell library contained the following spells:

 Spells                   Type           Power      Damage    Failure   Level
 Apportation              Tloc           8%         N/A       100%        1
 Summon Small Mammal      Summ           16%        N/A       100%        1
 Static Discharge         Conj/Air       10%        N/A       100%        2
 Call Canine Familiar     Summ           4%         N/A       100%        3
 Gell's Gravitas          Tloc           4%         N/A       100%        3
 Summon Guardian Golem    Hex/Summ       4%         N/A       100%        3
 Swiftness                Air            15%        N/A       100%        3
 Teleport Other           Tloc           4%         N/A       100%        3
 Animate Armour           Summ/Erth      8%         N/A       100%        4
 Dispel Undead            Necr           4%         3d7       100%        4
 Sticky Flame             Conj/Fire      4%         2d3       100%        4
 Alistair's Intoxication  Tmut/Pois      2%         N/A       100%        5
 Blade Hands              Tmut           2%         N/A       100%        5
 Dispersal                Tloc           2%         N/A       100%        6
 Iron Shot                Conj/Erth      2%         9d2       100%        6


Dungeon Overview and Level Annotations

Branches:
Dungeon (12/15)            Temple (0/1) D:7            Lair (1/6) D:10
    Orc (0/2) D:11         Bailey (visited)         Gauntlet (1/1)

Altars:
Cheibriados
Hepliaklqana
Okawaru
Qazlal
Ru
Sif Muna
Trog
Wu Jian
The Shining One
Beogh

Shops:
D:3 *   D:6 *   D:10 [

Annotations:
D:10 1 runed translucent door, mcvcxcn's ghost, journeyman SpEn
D:12 Nessos Gauntlet 12 transporters, 21 runed translucent doors, exclusion: lightning spire


Innate Abilities, Weirdness & Mutations

Your life essence is reduced to manifest your ancestor. (-10% HP)
You have hoof-like feet.
A meltable icy envelope protects you from harm. (AC +0)
Your movements are less encumbered by armour. (ER -4)
A meltable shield of frost defends you. (SH +0)
Spells you cast may paralyse adjacent enemies.


Message History

Quintus emerges from the mists of memory!
You swap places.
There is a transporter landing site here.
You see here a +2 vorpal scythe.
The death drake hisses angrily.
There is a transporter here.
You enter the transporter and appear at another place.
Unknown command.
You open the door.
A minotaur comes into view.
It is wielding a staff of fire and quivering silver javelins.
The minotaur bellows!
The minotaur moves out of view.
Found a phantom mirror.
Found a gate leading back out of this place.
Unknown command.
You close the door.
A minotaur opens the door.
You swap places.
The minotaur hits you but does no damage.
Your icy defenses dissipate!
The minotaur burns you. The minotaur gores you!
Unknown command.
The minotaur hits you with a staff of fire!!
The minotaur burns you. You block the minotaur's attack.
You hit the minotaur.
The minotaur is lightly wounded.
The minotaur hits you with a staff of fire!!
The minotaur burns you. The minotaur gores you!
* * * LOW HITPOINT WARNING * * *
Quintus barely misses the minotaur.
Unknown command.
Okay, then.
Blink to where?
Press: ? - help, Dir - move target
As you read the scroll of blinking, it crumbles to dust.
The minotaur throws a silver javelin.
The silver javelin pierces through you!!
* * * LOW HITPOINT WARNING * * *
The silver sears you!
You die...

##### ≈≈≈≈≈ ≈∩≈ ... ###.### .....
#######H####### #.....R§......#
#.###.###.###@# #.###.###.###.#
#.............# ###.###.###.###
#####.###.###.#####
#≈...............≈#
##8..©.©.©.©.©.©..8#### ### ### #
##≈...............≈##8# #8# #8# #
#################################


You could see the friendly Quintus the hexer and a minotaur (ally target).

Vanquished Creatures
  A reaper (Gauntlet)
  4 two-headed ogres
  3 orc knights
  A cyclops (D:8)
  A gargoyle (D:10)
  2 unseen horrors
  A komodo dragon (D:11)
  2 kobold demonologists (D:10)
  An ice devil (Gauntlet)
  2 hellwings (Gauntlet)
  A troll (D:10)
  2 polar bears (Lair:1)
  A hornet (Gauntlet)
  Grinder (D:5)
  14 yaks
  3 steam dragons
  4 vampire mosquitoes
  2 water moccasins
  12 orc warriors
  An acid dragon (shapeshifter) (D:11)
  An ice beast (D:6)
  3 sky beasts
  4 ogres
  A phantom (D:4)
  2 bullfrogs
  A kobold brigand (D:7)
  A necrophage (D:5)
  2 scorpions
  3 wights (D:9)
  3 killer bees (D:7)
  6 howler monkeys
  A hound (D:5)
  A jelly (D:5)
  4 orc priests
  Ijyb (D:3)
  3 iguanas
  9 orc wizards
  12 gnolls
  8 adders
  2 shadow imps
  2 white imps
  4 worms
  2 dart slugs
  39 orcs
  6 bats
  10 endoplasms
  4 giant cockroaches
  12 goblins
  8 hobgoblins
  3 jackals (D:5)
  4 quokkas
  4 ball pythons
  3 frilled lizards
  18 kobolds
  2 rats
248 creatures vanquished.

Vanquished Creatures (collateral kills)
  Gastronok (D:11)
  2 two-headed ogres (D:11)
  Lodul (D:11)
  3 orc knights
  A komodo dragon (D:10)
  A hornet (Gauntlet)
  A shadow (D:10)
  6 yaks
  2 water moccasins (D:7)
  3 orc warriors
  An ice beast (D:7)
  A black bear (D:7)
  An ogre (D:11)
  A centaur (D:8)
  3 kobold brigands (D:10)
  A bullfrog (D:6)
  A gnoll sergeant (D:6)
  2 wights (D:9)
  2 killer bees (D:7)
  A howler monkey (D:8)
  A hound (D:6)
  A jelly (D:7)
  3 orc priests
  5 orc wizards
  A gnoll (D:6)
  An adder (D:4)
  2 white imps
  A dart slug (D:5)
  16 orcs
  3 quokkas
  2 ball pythons
  A goblin (D:10)
  4 kobolds
76 creatures vanquished.

Vanquished Creatures (others)
  11 hexers
  An ancestor (D:3)
  3 fungi (Gauntlet)
  21 plants
36 creatures vanquished.

Grand Total: 360 creatures vanquished

Notes
Turn   | Place    | Note
-------+----------+-------------------------------------------
     0 | D:1      | Morbidden the Demonspawn Fighter began the quest for the
                  | Orb.
     0 | D:1      | Reached XP level 1. HP: 18/18 MP: 1/1
   342 | D:1      | Gained mutation: A meltable shield of frost defends you.
                  | (SH +0) [demonic ancestry]
   342 | D:1      | Reached XP level 2. HP: 12/24 MP: 2/2
   653 | D:1      | Reached skill level 2 in Axes
  1240 | D:2      | Gained mutation: Spells you cast may paralyse adjacent
                  | enemies. [demonic ancestry]
  1240 | D:2      | Reached XP level 3. HP: 19/29 MP: 3/3
  1933 | D:2      | Reached XP level 4. HP: 24/35 MP: 4/4
  2459 | D:2      | Found a faded altar of an unknown god.
  2594 | D:2      | Prayed at the altar of an unknown god.
  2594 | D:2      | Became a worshipper of Hepliaklqana the Forgotten
  2594 | D:2      | Reached * piety under Hepliaklqana
  2726 | D:3      | Found Ywooqagg's Assorted Antiques.
  2844 | D:3      | Reached skill level 3 in Axes
  3000 | D:3      | Noticed Ijyb
  3016 | D:3      | Killed Ijyb
  3155 | D:3      | Gained mutation: You have large cloven feet. [demonic
                  | ancestry]
  3155 | D:3      | Reached XP level 5. HP: 36/36 MP: 5/5
  3565 | D:4      | Reached skill level 4 in Axes
  3586 | D:4      | Reached ** piety under Hepliaklqana
  3596 | D:4      | Identified the +10 hand axe of the Valley of Death {freeze,
                  | rF- Int+8}
  3739 | D:4      | Noticed an ogre
  3742 | D:4      | Remembered your ancestor Quintus as a hexer
  3744 | D:4      | Killed an ogre
  3745 | D:4      | Gained mutation: A meltable icy envelope protects you from
                  | harm. (AC +0) [demonic ancestry]
  3745 | D:4      | Reached XP level 6. HP: 43/43 MP: 6/6
  3765 | D:4      | Reached skill level 1 in Spellcasting
  3897 | D:4      | Found a snail-covered altar of Cheibriados.
  4415 | D:5      | Entered Level 5 of the Dungeon
  4477 | D:5      | Noticed a yak
  4477 | D:5      | Noticed a yak
  4484 | D:5      | Noticed a yak
  4485 | D:5      | Killed a yak
  4486 | D:5      | Reached skill level 5 in Axes
  4486 | D:5      | Reached skill level 1 in Dodging
  4486 | D:5      | Reached XP level 7. HP: 48/48 MP: 7/9
  4487 | D:5      | Killed a yak
  4490 | D:5      | Noticed a yak
  4492 | D:5      | Noticed a yak
  4493 | D:5      | Killed a yak
  4494 | D:5      | Noticed a yak
  4494 | D:5      | Noticed a yak
  4494 | D:5      | Noticed a yak
  4494 | D:5      | Noticed a yak
  4495 | D:5      | Noticed a yak
  4495 | D:5      | Noticed a yak
  4600 | D:5      | Killed a yak
  4601 | D:5      | Reached skill level 6 in Axes
  4601 | D:5      | Gained mutation: Your movements are slightly less
                  | encumbered by armour. (ER -2) [demonic ancestry]
  4601 | D:5      | Reached XP level 8. HP: 54/54 MP: 9/11
  4617 | D:5      | Reached skill level 1 in Stealth
  4624 | D:5      | Reached skill level 7 in Axes
  4633 | D:5      | Reached skill level 1 in Invocations
  4637 | D:5      | Reached skill level 5 in Fighting
  4648 | D:5      | Gained mutation: You have hoof-like feet. [demonic
                  | ancestry]
  4648 | D:5      | Reached XP level 9. HP: 26/61 MP: 13/13
  4709 | D:5      | Learned a level 4 spell: Airstrike
  5080 | D:5      | Noticed Grinder
  5090 | D:5      | Killed Grinder
  5227 | D:5      | Reached skill level 8 in Axes
  5276 | D:5      | Reached skill level 1 in Air Magic
  5585 | D:5      | Found a shimmering blue altar of Sif Muna.
  5594 | D:5      | Found a sacrificial altar of Ru.
  5683 | D:6      | Found a bloodstained altar of Trog.
  5779 | D:6      | Reached *** piety under Hepliaklqana
  6016 | D:6      | Found Zoysm's Assorted Antiques.
  6618 | D:7      | Found a staircase to the Ecumenical Temple.
  6672 | D:7      | Reached skill level 5 in Shields
  6721 | D:7      | Gained mutation: A meltable icy envelope protects you from
                  | harm. (AC +0) [demonic ancestry]
  6721 | D:7      | Reached XP level 10. HP: 66/68 MP: 15/15
  6794 | D:7      | Found a flagged portal.
  6803 | Bailey   | Entered a bailey
  7159 | Bailey   | Noticed an orc knight
  7159 | Bailey   | Reached skill level 12 in Axes
  7159 | Bailey   | Reached XP level 11. HP: 72/72 MP: 16/16
  7286 | Bailey   | Killed an orc knight
  7393 | Bailey   | Noticed an orc knight
  7638 | Bailey   | Killed an orc knight
  7681 | Bailey   | Noticed an orc knight
  7695 | Bailey   | Killed an orc knight
  8229 | D:8      | Reached **** piety under Hepliaklqana
 10250 | D:10     | Entered Level 10 of the Dungeon
 10252 | D:10     | Noticed a two-headed ogre
 10273 | D:10     | Killed a two-headed ogre
 10274 | D:10     | Reached skill level 5 in Armour
 10274 | D:10     | Reached skill level 5 in Invocations
 10428 | D:10     | Reached ***** piety under Hepliaklqana
 10429 | D:10     | Found a stormy altar of Qazlal.
 10438 | D:10     | Reached skill level 13 in Axes
 10438 | D:10     | Reached skill level 5 in Dodging
 10469 | D:10     | Found a staircase to the Lair.
 10610 | D:10     | Found Kely's Armour Emporium.
 10681 | D:10     | Found an iron altar of Okawaru.
 10740 | D:10     | Found a runed translucent door.
 10742 | D:10     | Noticed an eight-headed hydra
 10742 | D:10     | Noticed mcvcxcn's ghost (journeyman SpEn)
 10966 | D:10     | Gained mutation: Your movements are less encumbered by
                  | armour. (ER -4) [demonic ancestry]
 10966 | D:10     | Reached XP level 12. HP: 75/79 MP: 19/19
 11034 | D:10     | Found an ornate altar of the Wu Jian Council.
 11235 | D:11     | Noticed Gastronok
 11235 | D:11     | Noticed a two-headed ogre
 11235 | D:11     | Noticed a two-headed ogre
 11235 | D:11     | Noticed a two-headed ogre
 11243 | D:11     | Noticed a two-headed ogre
 11259 | D:11     | Killed a two-headed ogre
 11260 | D:11     | Reached skill level 5 in Spellcasting
 11365 | D:11     | Found a staircase to the Orcish Mines.
 11679 | D:11     | Killed Gastronok
 11967 | D:11     | Noticed Lodul
 11971 | D:11     | Noticed a two-headed ogre
 11975 | D:11     | Killed Lodul
 11988 | D:11     | Killed a two-headed ogre
 11993 | D:11     | Killed a two-headed ogre
 11998 | D:11     | Killed a two-headed ogre
 12010 | D:11     | Killed a two-headed ogre
 12409 | D:11     | Learned a level 1 spell: Shock
 12413 | D:12     | Noticed Nessos
 12796 | Lair:1   | Entered Level 1 of the Lair of Beasts
 12847 | Lair:1   | Found a gate leading to a gauntlet.
 12880 | Gauntlet | Entered a Gauntlet
 12880 | Gauntlet | Found a transporter.
 12890 | Gauntlet | Found a transporter.
 12905 | Gauntlet | Found a transporter.
 12910 | Gauntlet | Found a transporter.
 12925 | Gauntlet | Found a transporter.
 12944 | Gauntlet | Found a transporter.
 12953 | Gauntlet | Found a transporter.
 12964 | Gauntlet | Noticed a death scarab
 12968 | Gauntlet | Found a transporter.
 12971 | Gauntlet | Noticed a death scarab
 12972 | Gauntlet | Noticed a reaper
 12976 | Gauntlet | Found a large runed translucent door.
 12976 | Gauntlet | Noticed a catoblepas
 12977 | Gauntlet | Found a large runed translucent door.
 12978 | Gauntlet | Found a large runed translucent door.
 12978 | Gauntlet | Found a large runed translucent door.
 12979 | Gauntlet | Found a runed translucent gate.
 12980 | Gauntlet | Found a transporter.
 12980 | Gauntlet | Found a runed translucent gate.
 12981 | Gauntlet | Found a runed translucent gate.
 12982 | Gauntlet | Found a large runed translucent door.
 12982 | Gauntlet | Found a large runed translucent door.
 12982 | Gauntlet | Found a runed translucent door.
 12982 | Gauntlet | Found a runed translucent door.
 12983 | Gauntlet | Found a large runed translucent door.
 12984 | Gauntlet | Found a large runed translucent door.
 12986 | Gauntlet | Found a transporter.
 12986 | Gauntlet | Found a transporter.
 12991 | Gauntlet | Found a large runed translucent door.
 12991 | Gauntlet | Found a large runed translucent door.
 12992 | Gauntlet | Found a large runed translucent door.
 12993 | Gauntlet | Found a large runed translucent door.
 13001 | Gauntlet | Found a transporter.
 13013 | Gauntlet | Noticed a catoblepas
 13018 | Gauntlet | Found a transporter.
 13032 | Gauntlet | Found a large runed translucent door.
 13033 | Gauntlet | Found a large runed translucent door.
 13034 | Gauntlet | Found a large runed translucent door.
 13034 | Gauntlet | Found a large runed translucent door.
 13038 | Gauntlet | Found a transporter.
 13063 | Gauntlet | Found a transporter.
 13063 | Gauntlet | Found the +0 staff of Battle
 13065 | Gauntlet | Found a transporter.
 13161 | Gauntlet | Found a transporter.
 13178 | Gauntlet | Found the +8 mithril axe "Arga" {speed, Will+}
 13315 | Gauntlet | Found a transporter.
 13409 | Gauntlet | Killed a reaper
 13490 | Gauntlet | Noticed a minotaur
 13498 | Gauntlet | HP: 4/81 [minotaur/silver javelin (17)]
 13498 | Gauntlet | Hit by a silver javelin thrown by a minotaur

Illustrated notes

Levels and vault maps discovered:
D:1:      wheals_arrival_shading, layout_loops_ring
D:2:      layout_basic, basic_altar, shapermc_ecumenical_altar_acropolis,
          minmay_pentomino_u4
D:3:      layout_rooms, serial_shops, shop, uniq_ijyb
D:4:      layout_cave_pools, slow_altar_1, serial_rivers,
          chequers_serial_rivers_room_b, chequers_serial_rivers_large_b,
          chequers_serial_rivers_micro_e, chequers_serial_rivers_room_b,
          chequers_serial_rivers_micro_b, nicolae_elevator_lobby_plus
D:5:      layout_loops_ring, mainiacjoe_overflow_swirl, uniq_grinder
D:6:      layout_basic, bloody_trog, serial_shops, nicolae_shop_trees,
          hangedman_abyss_or_decor_lesser_grid
D:7:      layout_cave_pools, temple_statues, enter_bailey_7
D:8:      layout_basic, serial_bayou_pond_e, due_unseen_surprise
D:9:      layout_loops_ring
D:10:     layout_gridville, nicolae_qazlal_scattered_showers,
          kennysheep_okawaru_gauntlet, marbit_many_paths, david_lair_shrubbed,
          ebering_ghost_inner_flame, serial_shops, nicolae_take_the_stairs,
          minmay_crystal_room, kennysheep_generic_room_11
D:11:     layout_big_octagon, david_orc_5, uniq_gastronok, uniq_lodul
D:12:     layout_roguey, kennysheep_treasure_room, uniq_nessos
Lair:1:   layout_regular_city, gauntlet_entry_generic, serial_bayou_crossing,
          grunt_megastairs_4, lemuel_fruit_tree, infiniplex_staircase_pool_2
Gauntlet: gammafunk_gauntlet_one_two_three [gammafunk_gauntlet_arena_grid,
          gammafunk_gauntlet_arena_teeth, nicolae_gauntlet_arena_grate_2,
          gammafunk_gauntlet_arena_hedges, gammafunk_gauntlet_arena_split_x,
          gammafunk_gauntlet_arena_spirals, gammafunk_gauntlet_arena_chambers,
          minmay_gauntlet_arena_make_your_own_arena,
          nicolae_gauntlet_arena_blocks, gauntlet_exit_watery]

Skill      XL: |  1  2  3  4  5  6  7  8  9 10 11 12 |
---------------+-------------------------------------+-----
Axes           | 2 3 4 5 6 7 8 12 13 | 13.6
Armour         | 3 4 5 |  5.7
Shields        | 3 5 6 7 |  7.9
Spellcasting   | 1 2 3 4 5 |  5.7
Fighting       | 4 5 6 7 |  7.1
Dodging        | 1 2 4 5 6 |  6.0
Stealth        | 1 2 |  2.7
Invocations    | 2 3 4 5 6 |  6.7
Air Magic      | 2 3 4 |  4.1
Staves         | |  0.2
Conjurations   | |  0.3

Action                   |  1- 3 |  4- 6 |  7- 9 | 10-12 || total
-------------------------+-------+-------+-------+-------++-------
Melee: War axe           |   105 |    87 |       |       ||   192
       Kick              |       |    17 |    52 |    97 ||   166
       Hand axe          |       |    50 |   134 |   330 ||   514
       Broad axe         |       |       |       |     1 ||     1
Throw: Javelin           |       |       |     1 |    47 ||    48
       Dart              |       |       |       |    51 ||    51
Invok: Ancestor Life: He |       |     1 |       |       ||     1
       Idealise          |       |       |       |     2 ||     2
Evoke: Wand              |       |       |       |     1 ||     1
  Use: Scroll            |       |     7 |     4 |     7 ||    18
       Potion            |       |       |       |     9 ||     9
 Stab: Distracted        |       |     1 |     1 |     6 ||     8
       Confused          |       |     1 |     2 |     8 ||    11
       Invisible         |       |       |       |     2 ||     2
Armor: Scale mail        |    41 |    55 |    50 |    15 ||   161
       Crystal plate arm |       |       |       |   185 ||   185
Dodge: Dodged            |    44 |    52 |    14 |    22 ||   132
Block: Buckler           |    40 |    62 |    15 |       ||   117
       Tower shield      |       |       |    58 |   357 ||   415

Table legend: (Time is in decaauts)
 A = Elapsed time spent in this place.
 B = Non-inter-level travel time spent in this place.
 C = Inter-level travel time spent in this place.
 D = Time resting spent in this place.
 E = Time spent auto-exploring this place.
 F = Levels seen in this place.
 G = Mean time per level.
                   A        B        C        D        E       F      G
               +--------+--------+--------+--------+--------+-----+--------+
         Total |  13742 |  13095 |    647 |   1582 |   8650 |  15 |  916.1 |
       Dungeon |  11941 |  11294 |    647 |   1373 |   7856 |  12 |  995.1 |
          Lair |     83 |     83 |      0 |      0 |      0 |   1 |   83.0 |
        Bailey |   1118 |   1118 |      0 |    196 |    512 |   1 | 1118.0 |
      Gauntlet |    598 |    598 |      0 |     12 |    282 |   1 |  598.0 |
               +--------+--------+--------+--------+--------+-----+--------+

Top non-repeatable levels by time:
     D:2: 1555 daAuts
    D:10: 1443 daAuts
     D:5: 1249 daAuts
     D:8: 1222 daAuts
     D:1: 1217 daAuts
  Bailey: 1118 daAuts
     D:9: 1047 daAuts
    D:11: 977 daAuts
     D:4: 957 daAuts
     D:6: 891 daAuts
     D:3: 840 daAuts
Gauntlet: 598 daAuts
     D:7: 535 daAuts
  Lair:1: 83 daAuts
    D:12: 3 daAuts
